 Dungeon Crawl Stone Soup version 0.26-a0-1164-g1a551d6a14 (webtiles) character file.

Game seed: 18441949530852500521

6942 vvl the Grappler (level 10, -1/94 HPs)
             Began as a Troll Monk on Dec 24, 2020.
             Was an Elder of Kikubaaqudgha.
             Succumbed to a killer bee's poison
             ... on level 2 of the Lair of Beasts.
             The game lasted 00:33:18 (10089 turns).

vvl the Grappler (Troll Monk)                      Turns: 10089, Time: 00:33:19

Health: -1/94      AC:  6    Str: 24    XL:     10   Next: 80%
Magic:  18/18      EV: 11    Int:  6    God:    Kikubaaqudgha [****..]
Gold:   157        SH:  0    Dex: 18    Spells: 9/9 levels left

rFire    + . .     SeeInvis .     - Unarmed
rCold    + . .     Faith    .   (no shield)
rNeg     . . .     Spirit   .   z - +0 robe {rC+ rF+}
rPois    .         Reflect  .   (helmet restricted)
rElec    .         Harm     .   (no cloak)
rCorr    .         Rampage  .   (gloves unavailable)
Will     .....                  (boots unavailable)
Stlth    ++........             B - amulet of the acrobat
HPRegen  0.65/turn              W - +6 ring of dexterity
MPRegen  0.16/turn              o - ring of magical power

@: mighty, lethally poisoned (-1 -> -17), flying
A: large, unfitting armour, claws 3, regeneration 1, shaggy fur 1, tough skin 3
a: Renounce Religion, Receive Corpses


You were on level 2 of the Lair of Beasts.
You worshipped Kikubaaqudgha.
Kikubaaqudgha was greatly pleased with you.
You visited 3 branches of the dungeon, and saw 12 of its levels.
You also visited: Sewer and Ossuary.

You collected 547 gold pieces.
You spent 390 gold pieces at shops.

Inventory:

Hand Weapons
 Q - a +3 morningstar
Armour
 i - a +0 tower shield
 z - a +0 robe of resistance (worn)
Magical Staves
 b - an uncursed staff of earth
Jewellery
 o - a ring of magical power (right claw)
 B - an amulet of the acrobat (around neck)
 W - a +6 ring of dexterity (left claw)
Wands
 n - a wand of polymorph (18)
 y - a wand of random effects (24)
 F - a wand of acid (3)
 T - a wand of iceblast (10)
Scrolls
 c - 3 scrolls of magic mapping
 e - 6 scrolls of remove curse
 l - 3 scrolls of identify
 m - a scroll of fear
 p - a scroll of fog
 q - 7 scrolls of teleportation
 s - 2 scrolls of amnesia
 t - 2 scrolls of enchant weapon
 v - 2 scrolls of blinking {unknown}
 x - 2 scrolls of enchant armour {unknown}
 D - a scroll of brand weapon {unknown}
 H - 2 scrolls of immolation
 Y - a scroll of vulnerability {unknown}
 Z - a scroll of holy word {unknown}
Potions
 d - 6 potions of flight
 f - 3 potions of might
 g - a potion of haste
 h - 3 potions of brilliance
 j - a potion of magic {unknown}
 k - 2 potions of cancellation
 r - 9 potions of curing {unknown}
 u - 3 potions of mutation {unknown}
 w - 2 potions of degeneration {unknown}
 A - 3 potions of resistance {unknown}
 I - 3 potions of heal wounds
 J - a potion of berserk rage {unknown}
 X - a potion of attraction {unknown}


   Skills:
 + Level 4.6 Fighting
 - Level 2.4 Dodging
 - Level 1.0 Stealth
 + Level 6.1 Shields
 * Level 11.1 Unarmed Combat
 + Level 0.3 Spellcasting
 * Level 7.5 Necromancy


You had 9 spell levels left.
You didn't know any spells.
Your spell library contained the following spells:

 Spells                   Type           Power        Failure   Level
 Animate Skeleton         Necr           18%          2%          1
 Pain                     Necr           36%          2%          1
 Sublimation of Blood     Necr           4%           3%          2
 Vampiric Draining        Necr           4%           7%          3
 Animate Dead             Necr           4%           22%         4
 Dispel Undead            Necr           9%           22%         4
 Magic Dart               Conj           0%           45%         1
 Agony                    Necr           9%           54%         5
 Excruciating Wounds      Necr           4%           54%         5
 Blink                    Tloc           N/A          58%         2
 Call Imp                 Summ           0%           58%         2
 Slow                     Hex            0%           58%         2
 Confusing Touch          Hex            0%           83%         3
 Conjure Flame            Conj/Fire      0%           83%         3
 Gell's Gravitas          Tloc           0%           83%         3
 Mephitic Cloud           Conj/Pois/Air  0%           83%         3
 Borgnjor's Vile Clutch   Necr/Erth      2%           96%         5
 Petrify                  Tmut/Erth      0%           99%         4
 Metabolic Englaciation   Hex/Ice        0%           100%        5
 Yara's Violent Unravell  Hex/Tmut       0%           100%        5


Dungeon Overview and Level Annotations

Branches:
Dungeon (8/15)             Temple (1/1) D:4            Lair (3/6) D:8
  Sewer (visited)         Ossuary (visited)
  Swamp: Lair:2-4    Shoals: Lair:2-4     Snake: Lair:2-4    Spider: Lair:2-4

Altars:
Ashenzari
Cheibriados
Dithmenos
Elyvilon
Fedhas
Gozag
Hepliaklqana
Kikubaaqudgha
Makhleb
Nemelex Xobeh
Okawaru
Qazlal
Ru
Sif Muna
Trog
Uskayaw
Vehumet
Wu Jian
Xom
Yredelemnul
Zin

Shops:
D:5 }

Annotations:
Lair:1 2 transporters


Innate Abilities, Weirdness & Mutations

You are too large for most types of armour.
You have claws for hands.
Your natural rate of healing is unusually fast.
You are covered in fur. (AC +1)
You have extremely tough skin. (AC +3)


Message History

You feel much better.
You feel sick. The killer bee closely misses you.
The killer bee stings you but does no damage.
The killer bee barely misses you. The killer bee closely misses you.
The killer bee stings you.
* * * LOW HITPOINT WARNING * * *
The killer bee stings you!
* * * LOW HITPOINT WARNING * * *
The killer bee stings you.
* * * LOW HITPOINT WARNING * * *
As you read the scroll of fear, it crumbles to dust.
You assume a fearsome visage.
The killer bee looks frightened! x2
* * * LOW HITPOINT WARNING * * *
You feel very sick. The killer bee closely misses you.
The killer bee stings you!
* * * LOW HITPOINT WARNING * * *
The killer bee closely misses you.
You feel very buoyant.
You fly up into the air.
You die...
Kikubaaqudgha rasps: "You have failed me!
Welcome... death!"

.....#.#...P......#####.....#....
.......#.###....#......#...##....
.#........##.....##............#.
....................).......#.#..
....................###....#.....
...P##.................P....†....
...###............P..............
......##......#........P.........
#.#..###.#......@y...........#...
##.#..####......#..............P.
..##..P###.P.......y..........##.
..#.........#y.###.#...........#.
..........#......P........####...
......##.....#P.......#...###P...
....#.###....##>.....>..........#
...#..# ##...##......##...#..#...
.....P# ###..........####.####..#


You could see 3 killer bees.

Vanquished Creatures
  Nergalle (Lair:2)
  Pikel (D:5)
  A black mamba (Lair:1)
  A komodo dragon (Lair:1)
  Edmund (D:6)
  4 water moccasins
  5 orc warriors
  2 sky beasts
  2 black bears
  2 ice beasts (D:7)
  3 ogres
  2 necrophages
  A phantom (D:7)
  3 centaurs
  A lemure (D:5)
  A big kobold (Sewer)
  7 bullfrogs
  9 scorpions
  5 wights (D:7)
  10 killer bees (Lair:3)
  An electric eel (Lair:1)
  2 centaur zombies (Ossuary)
  A human zombie (Ossuary)
  A jelly (D:6)
  4 hounds
  9 orc priests
  A centaur skeleton (D:5)
  4 iguanas
  6 orc wizards
  6 worker ants
  A killer bee zombie (D:6)
  3 big kobold zombies (Ossuary)
  A hound skeleton (D:4)
  3 mummies (Ossuary)
  A worker ant zombie (D:7)
  8 adders
  A river rat (D:5)
  3 scorpion zombies (Ossuary)
  5 shadow imps
  3 oozes
  4 worms
  2 dart slugs (D:1)
  6 leopard geckos
  33 orcs
  7 ball pythons
  9 giant cockroaches
  5 goblins
  4 hobgoblins
  7 jackals
  A quokka (D:7)
  4 bats
  3 frilled lizards
  3 goblin zombies (Ossuary)
  2 jackal skeletons (D:4)
  16 kobolds
  2 kobold zombies (Ossuary)
  3 orc zombies (Ossuary)
  13 rats
250 creatures vanquished.

Vanquished Creatures (others)
  4 fungi
  8 plants
12 creatures vanquished.

Grand Total: 262 creatures vanquished

Notes
Turn   | Place    | Note
-------+----------+-------------------------------------------
     0 | D:1      | vvl the Troll Monk began the quest for the Orb.
     0 | D:1      | Reached XP level 1. HP: 22/22 MP: 0/0
   196 | D:1      | Reached XP level 2. HP: 28/29 MP: 1/1
   521 | D:1      | Reached skill level 1 in Necromancy
  1020 | D:2      | Reached XP level 3. HP: 36/36 MP: 2/2
  1068 | D:2      | Reached skill level 4 in Unarmed Combat
  1793 | D:3      | Reached XP level 4. HP: 44/44 MP: 3/3
  1949 | D:3      | Reached skill level 1 in Shields
  1954 | D:3      | Reached XP level 5. HP: 10/50 MP: 4/4
  2314 | D:4      | Reached skill level 5 in Unarmed Combat
  2430 | D:4      | Reached XP level 6. HP: 54/59 MP: 5/5
  2699 | D:4      | Reached skill level 6 in Unarmed Combat
  2735 | D:4      | Found a staircase to the Ecumenical Temple.
  2847 | D:4      | Found a sand-covered staircase.
  2856 | Ossuary  | Entered an ossuary
  2940 | Ossuary  | Reached XP level 7. HP: 48/66 MP: 6/6
  3175 | Ossuary  | Reached skill level 7 in Unarmed Combat
  3196 | Ossuary  | Reached XP level 8. HP: 51/74 MP: 7/7
  3459 | Temple   | Entered the Ecumenical Temple
  3650 | Temple   | Became a worshipper of Kikubaaqudgha
  3650 | Temple   | Reached * piety under Kikubaaqudgha
  3650 | Temple   | Identified Kikubaaqudgha's Incunabulum of Unholy Rituals
                  | (Kikubaaqudgha gifted it to you in the Ecumenical Temple)
  3650 | Temple   | Received a gift from Kikubaaqudgha
  3650 | Temple   | Reached ** piety under Kikubaaqudgha
  3948 | D:5      | Entered Level 5 of the Dungeon
  4313 | D:5      | Reached skill level 8 in Unarmed Combat
  4346 | D:5      | Found a sacrificial altar of Ru.
  4537 | D:5      | Found Hefuo's Gadget Boutique.
  4549 | D:5      | Bought a wand of acid (4) for 240 gold pieces
  4601 | D:5      | Noticed Pikel
  4620 | D:5      | Killed Pikel
  4621 | D:5      | Reached skill level 9 in Unarmed Combat
  4661 | D:5      | Found a glowing drain.
  4669 | D:5      | Reached XP level 9. HP: 78/80 MP: 8/8
  4683 | Sewer    | Entered a sewer
  4819 | Sewer    | Reached *** piety under Kikubaaqudgha
  4819 | Sewer    | Identified Kikubaaqudgha's Incunabulum of Evil Magic
                  | (Kikubaaqudgha gifted it to you in a sewer)
  4819 | Sewer    | Received a gift from Kikubaaqudgha
  5211 | D:5      | Reached skill level 5 in Necromancy
  5603 | D:6      | Found a blossoming altar of Fedhas.
  5834 | D:6      | Noticed Edmund
  5844 | D:6      | Killed Edmund
  6018 | D:6      | Reached skill level 5 in Shields
  6613 | D:7      | Reached skill level 10 in Unarmed Combat
  7039 | D:7      | Reached XP level 10. HP: 83/91 MP: 9/9
  7289 | D:7      | Reached **** piety under Kikubaaqudgha
  7954 | D:8      | Found a staircase to the Lair.
  8505 | D:5      | Bought a wand of iceblast (6) for 150 gold pieces
  8761 | Lair:1   | Entered Level 1 of the Lair of Beasts
  8829 | Lair:1   | Found a transporter.
  9097 | Lair:1   | Found a transporter.
  9113 | Lair:1   | Noticed a black mamba
  9122 | Lair:1   | Killed a black mamba
  9415 | Lair:1   | You fall into a shaft and drop 1 floor!
  9540 | Lair:2   | Noticed Nergalle
  9551 | Lair:2   | Killed Nergalle
  9555 | Lair:2   | Reached skill level 11 in Unarmed Combat
 10088 | Lair:2   | HP: 1/94 [killer bee (13)]
 10089 | Lair:2   | Succumbed to a killer bee's poison

Illustrated notes

Levels and vault maps discovered:
D:1:      dpeg_arrival_connections, layout_loops_corners
D:2:      layout_loops_ring, serial_forest, infiniplex_forest_clump_tiny,
          infiniplex_forest_clump_small, infiniplex_forest_fountain,
          infiniplex_forest_lined_room_2, minivault_25
D:3:      layout_loops_ring, minmay_misc_feat_hallway
D:4:      layout_basic, minmay_temple_entry_antechambers, enter_ossuary_2
D:5:      layout_loops_corners, basic_altar, portal_sewer_entry_b, serial_shops,
          shop, uniq_pikel
D:6:      layout_basic, fedhas_altar_3, uniq_edmund
D:7:      layout_layer_cave, nrook_mini_vaults
D:8:      layout_loops_corners, overflow_temple_1_default, dpeg_oklobed_lair,
          ebering_dispersal_statue_hall
Temple:   minmay_crystal_snake_temple
Lair:1:   gammafunk_cloud_chamber, layout_hall_layers, serial_bayou_shore_a
Lair:2:   layout_misc_corridors, uniq_nergalle
Lair:3:   layout_long_grid, minmay_swamp_entry_reptiles, special_room
          [special_room_bee], uniq_sonja

Skill      XL: |  1  2  3  4  5  6  7  8  9 10 |
---------------+-------------------------------+-----
Necromancy     | 1 2 3 4 6 7 |  7.5
Unarmed Combat | 4 5 6 7 9 10 11 | 11.1
Shields        | 1 2 3 4 5 6 |  6.1
Fighting       | 3 4 |  4.6
Dodging        | |  2.4
Stealth        | |  1.0
Spellcasting   | |  0.3

Action                   |  1- 3 |  4- 6 |  7- 9 | 10-12 || total
-------------------------+-------+-------+-------+-------++-------
Melee: Unarmed           |    99 |   155 |   437 |   145 ||   836
       Punch             |       |       |     3 |     8 ||    11
Evoke: Wand              |       |       |       |     6 ||     6
  Use: Scroll            |       |       |     8 |     8 ||    16
       Potion            |       |       |     1 |     6 ||     7
 Stab: Sleeping          |     7 |     1 |     4 |     1 ||    13
Armor: Robe              |    38 |    30 |    97 |    38 ||   203
Dodge: Dodged            |    21 |    33 |   128 |    87 ||   269
Block: Tower shield      |    34 |    84 |   145 |       ||   263

Table legend: (Time is in decaauts)
 A = Elapsed time spent in this place.
 B = Non-inter-level travel time spent in this place.
 C = Inter-level travel time spent in this place.
 D = Time resting spent in this place.
 E = Time spent auto-exploring this place.
 F = Levels seen in this place.
 G = Mean time per level.
                   A        B        C        D        E       F      G
               +--------+--------+--------+--------+--------+-----+--------+
         Total |  10060 |   9103 |    957 |    642 |   6752 |  14 |  718.6 |
       Dungeon |   7600 |   6768 |    832 |    488 |   5139 |   8 |  950.0 |
        Temple |    320 |    235 |     85 |      0 |    153 |   1 |  320.0 |
          Lair |   1314 |   1274 |     40 |    154 |    963 |   3 |  438.0 |
         Sewer |    294 |    294 |      0 |      0 |    165 |   1 |  294.0 |
       Ossuary |    532 |    532 |      0 |      0 |    331 |   1 |  532.0 |
               +--------+--------+--------+--------+--------+-----+--------+

Top non-repeatable levels by time:
     D:7: 1595 daAuts
     D:5: 1229 daAuts
     D:6: 1031 daAuts
     D:4: 1002 daAuts
     D:1: 945 daAuts
     D:2: 699 daAuts
  Lair:2: 661 daAuts
  Lair:1: 645 daAuts
     D:3: 627 daAuts
 Ossuary: 532 daAuts
     D:8: 470 daAuts
  Temple: 320 daAuts
   Sewer: 294 daAuts
  Lair:3: 7 daAuts
